 Dungeon Crawl Stone Soup version 0.26-a0-808-g930a2b7adc (webtiles) character file.

Game seed: 8826436709004014205

199776 ANON1729 the Bringer of Light (level 18, -1/167 HPs)
             Began as a Deep Dwarf Transmuter on Nov 12, 2020.
             Was the Champion of the Shining One.
             Slain by a harpy (10 damage)
             ... on level 1 of the Shoals on Nov 13, 2020.
             The game lasted 03:24:31 (38126 turns).

ANON1729 the Bringer of Light (DDTm)               Turns: 38126, Time: 03:24:32

Health: -1/167     AC: 19    Str: 16    XL:     18   Next: 25%
Magic:  7/9 (0)    EV: 15    Int: 20    God:    the Shining One [******]
Gold:   1279       SH: 13    Dex: 13    Spells: 4/38 levels left

rFire    + + +     SeeInvis .     - Unarmed
rCold    . . .     Faith    .   (shield currently unavailable)
rNeg     + + +     Spirit   .   q - +6 scale mail "Jaocobra" {+Blink}
rPois    .         Reflect  .   R - +2 hat {MR+}
rElec    .         Harm     .   B - scarf {repulsion}
rCorr    +         Rampage  .   (gloves currently unavailable)
MR       ++++.     Clarity  +   w - +0 pair of boots
Stlth    +.........             m - amulet of the acrobat
HPRegen  0.00/turn              z - ring of Kuuf {+Fly rF++ MP+9}
MPRegen  0.11/turn              g - ring "Sekhlikab" {rN+ MR+ rCorr Slay+3 Stlth+}

@: divine shield, blade hands, non-regenerating, glowing, repel missiles
A: damage resistance, heal wounds, clarity, fire resistance 1, negative energy
resistance 1, sense surroundings 3, robust 1, evolution 1, MP-powered wands, no
regeneration
a: Heal Wounds, End Transformation, Divine Shield, Cleansing Flame, Summon
Divine Warrior, Brand Weapon With Holy Wrath, Renounce Religion, Evoke Blink,
Evoke Flight


You were on level 1 of the Shoals.
You worshipped the Shining One.
The Shining One was exalted by your worship.
You had blades for hands.
You visited 7 branches of the dungeon, and saw 32 of its levels.

You collected 3768 gold pieces.
You spent 2489 gold pieces at shops.

Inventory:

Hand Weapons
 C - the +6 great sword of Loeruy {spect, rPois rC+}
   (You took it off a deep elf annihilator on level 3 of the Elven Halls)

   It retains the spirit of the tree from which it was made.
   In the hands of one skilled in evocations this spirit is drawn out to fight
   along side the wielder.
   It protects you from cold.
   It protects you from poison.
 P - the +5 war axe of Frustration {vamp, rF+ MP+9 Dex+3}
   (You found it on level 3 of the Elven Halls)

   It inflicts no extra harm, but heals its wielder when it wounds a living foe.
   It affects your dexterity (+3).
   It protects you from fire.
   It affects your magic capacity (+9).
   The Shining One disapproves of the use of such an item.
Missiles
 i - 3 silver javelins
 x - 3 throwing nets
 F - 8 curare-tipped darts
 V - 55 poisoned darts (quivered)
Armour
 q - the +6 scale mail "Jaocobra" (worn) {+Blink}
   (You found it on level 5 of the Dungeon)

   It lets you blink.
 w - a +0 pair of boots (worn)
 B - a scarf of repulsion (worn)
 J - +0 swamp dragon scales
 R - a +2 hat of magic resistance (worn)
 Z - the +2 pair of gloves of the Shining One (melded) {rN++ MP+9 Str-4 Int+10}
   (You found it on level 1 of the Swamp)

   It affects your strength (-4).
   It affects your intelligence (+10).
   It greatly protects you from negative energy.
   It affects your magic capacity (+9).
Jewellery
 g - the ring "Sekhlikab" (right scythe-like blade) {rN+ MR+ rCorr Slay+3 Stlth+}
   (You found it on level 3 of the Elven Halls)

   [ring of resist corrosion]

   It affects your accuracy and damage with ranged weapons and melee attacks
   (+3).
   It protects you from negative energy.
   It affects your resistance to hostile enchantments.
   It provides partial protection from all sources of acid and corrosion.
   It makes you more stealthy.
 m - an amulet of the acrobat (around neck)
 z - the ring of Kuuf (left scythe-like blade) {+Fly rF++ MP+9}
   (You acquired it on level 2 of the Orcish Mines)

   [ring of magical power]

   It greatly protects you from fire.
   It affects your magic capacity (+9).
   It lets you fly.
 K - an uncursed amulet of faith
 L - an uncursed ring of poison resistance
 Y - the ring "Sodghenu" {rElec rC+ rN+ Int+4 Dex+6}
   (You found it on level 1 of the Orcish Mines)

   [ring of dexterity]

   It affects your intelligence (+4).
   It affects your dexterity (+6).
   It protects you from cold.
   It insulates you from electricity.
   It protects you from negative energy.
Wands
 p - a wand of digging (3)
 O - a wand of iceblast (7)
 Q - a wand of polymorph (3)
 S - a wand of enslavement (6)
Scrolls
 b - 4 scrolls of identify
 d - 16 scrolls of teleportation
 e - 4 scrolls of fog
 f - 4 scrolls of vulnerability
 h - 21 scrolls of remove curse
 l - a scroll of holy word
 o - 5 scrolls of fear
 r - 2 scrolls of silence
 s - 10 scrolls of magic mapping
 t - 13 scrolls of amnesia
 u - 9 scrolls of enchant armour
 I - a scroll of blinking
 N - 3 scrolls of summoning
Potions
 a - 4 potions of flight
 c - a potion of attraction
 j - 5 potions of magic
 v - a potion of berserk rage
 G - 9 potions of haste
 T - 2 potions of might
 U - a potion of resistance
 X - 6 potions of brilliance
Miscellaneous
 D - a condenser vane
 H - a tin of tremorstones (2/2)
 W - a box of beasts


   Skills:
 - Level 7.5 Fighting
   Level 2.1 Slings
 - Level 13.0 Armour
 - Level 11.3 Dodging
 - Level 13.3 Unarmed Combat
 + Level 10.9 Spellcasting
 - Level 5.2 Hexes
 - Level 13.2 Transmutations
 - Level 16.3 Invocations
 - Level 11.1 Evocations


You had 4 spell levels left.
You knew the following spells:

 Your Spells              Type           Power        Failure   Level
a - Beastly Appendage     Tmut           ######       6%          1
b - Wereblood             Tmut           ######..     7%          2
c - Spider Form           Tmut/Pois      #####.....   26%         3
d - Blade Hands           Tmut           ######....   21%         5
e - Ice Form              Ice/Tmut       #####...     47%         4
f - Yara's Violent Unrav  Hex/Tmut       #####.....   45%         5
g - Eringya's Noxious Bo  Tmut/Pois      #####.....   99%         6
h - Irradiate             Conj/Tmut      #####.....   73%         5
i - Ignite Poison         Fire/Tmut/Pois ####....     43%         3

Your spell library contained the following spells:

 Spells                   Type           Power        Failure   Level
 Corona                   Hex            ####...      21%         1
 Confusing Touch          Hex            ####....     34%         3
 Tukima's Dance           Hex            ####....     34%         3
 Ensorcelled Hibernation  Hex/Ice        ###...       43%         2
 Petrify                  Tmut/Erth      #####...     47%         4
 Animate Skeleton         Necr           ##....       58%         1
 Apportation              Tloc           ##....       58%         1
 Summon Small Mammal      Summ           ##..         58%         1
 Dazzling Flash           Conj/Hex       ###...       58%         3
 Summon Guardian Golem    Hex/Summ       ###.....     58%         3
 Cause Fear               Hex            ####......   61%         4
 Blink                    Tloc           N/A          69%         2
 Call Imp                 Summ           ##......     69%         2
 Poisonous Vapours        Pois/Air       ##....       69%         2
 Sublimation of Blood     Necr           ##........   69%         2
 Call Canine Familiar     Summ           ##......     85%         3
 Conjure Flame            Conj/Fire      ##......     85%         3
 Gell's Gravitas          Tloc           ##........   85%         3
 Lesser Beckoning         Tloc           ##........   85%         3
 Mephitic Cloud           Conj/Pois/Air  ##......     85%         3
 Static Discharge         Conj/Air       ##......     85%         3
 Teleport Other           Tloc           ##......     85%         3
 Passage of Golubria      Tloc           N/A          99%         4
 Sticky Flame             Conj/Fire      ##......     99%         4
 Summon Ice Beast         Ice/Summ       ##......     99%         4
 Summon Lightning Spire   Summ/Air       ##......     99%         4
 Alistair's Intoxication  Tmut/Pois      #####....    73%         5
 Metabolic Englaciation   Hex/Ice        ###.......   98%         5
 Silence                  Hex/Air        ###.......   98%         5
 Bolt of Magma            Conj/Fire/Erth ##........   100%        5
 Iskenderun's Battlesphe  Conj           ##......     100%        5
 Lightning Bolt           Conj/Air       ##........   100%        5
 Freezing Cloud           Conj/Ice/Air   ##........   100%        6
 Iron Shot                Conj/Erth      ##........   100%        6
 Orb of Destruction       Conj           ##........   100%        7
 Spellforged Servitor     Conj/Summ      ##........   100%        7
 Discord                  Hex            ####......   100%        8
 Ignition                 Fire           ##........   100%        8
 Shatter                  Erth           ##........   100%        9
 Tornado                  Air            ##........   100%        9


Dungeon Overview and Level Annotations

Branches:
Dungeon (15/15)            Temple (1/1) D:5            Lair (6/6) D:10
  Swamp (4/4) Lair:3       Shoals (1/4) Lair:2        Slime (0/5) Lair:5
    Orc (2/2) D:11            Elf (3/3) Orc:2        Vaults (0/5) D:14
 Depths (0/5) D:15

Altars:
Ashenzari
Cheibriados
Dithmenos
Elyvilon
Fedhas
Gozag
Hepliaklqana
Kikubaaqudgha
Makhleb
Nemelex Xobeh
Okawaru
Qazlal
Ru
Sif Muna
Trog
Uskayaw
Vehumet
Wu Jian
Xom
Yredelemnul
Zin
The Shining One
Beogh

Shops:
D:9 !   D:15 *!!   Orc:1 ?   Orc:2 ??*(   Elf:2 }}=   Elf:3 *

Annotations:
D:3 2 transporters, triki's ghost, amateur GnEn
Lair:3 1 runed translucent door, exclusion: 2 oklob plants, Kinoniko's ghost, journeyman HOFi
Lair:4 1 runed translucent door, Belaica's ghost, journeyman HOFE
Elf:2 3 runed translucent doors
Elf:3 3 runed translucent doors, exclusion: obsidian statue, kuniqs's ghost, adept DDFi


Innate Abilities, Weirdness & Mutations

You are resistant to damage.
You can heal yourself by infusing magical energy.
You resist negative energy. (rN+)
You passively map a large area around you.
You do not regenerate.
You possess an exceptional clarity of mind.
Your flesh is heat resistant. (rF+)
You are robust. (+10% HP)
You evolve.
You expend magic power (3 MP) to strengthen your wands.


Message History

The harpy claws the plant!
The plant begins to die.
The harpy claws the plant!
The harpy completely misses you. x2
There is a staircase back to the Lair, spattered with blood here.
You block the harpy's attack. x2; The harpy claws you.
* * * LOW HITPOINT WARNING * * *
The harpy barely misses you.
The harpy claws the plant! x4
You block the harpy's attack. x2
You climb upwards.
Welcome back to the Lair of Beasts!
There is a staircase to the Shoals here.
You shred the harpy!!!
You kill the harpy!
The harpy closely misses you. The harpy claws you.
You shred the harpy!!!
You kill the harpy!
You climb downwards.
Welcome back to the Shoals!
This branch is very noisy, and so sound travels much less far.
This branch contains the barnacled rune of Zot.
A harpy comes into view.
The harpy claws you!
You die...

≈ ≈...≈≈≈≈≈≈≈≈≈.....##PP. ≈
≈≈...≈≈≈≈≈≈.........P...
≈≈≈≈≈≈≈≈≈≈≈≈..........P.,
≈...≈≈...≈≈P..H≈........ ,≈
≈
≈≈≈≈.#.≈≈......PP.≈≈≈≈.....
≈ ≈
≈≈≈≈.≈≈≈.......P..≈P≈P..# ,
≈
≈≈≈≈≈≈≈≈≈.....≈...P.≈P...##
, ≈≈≈..≈....≈≈.###..P.P...
, ≈ ≈
≈≈≈≈≈≈..###.P@##...P.... ,
≈ ≈≈
≈≈≈≈≈≈≈.###...H)........ ≈
≈≈≈≈≈≈≈≈..##...P.....≈≈.≈≈
≈ ≈≈≈≈≈≈≈............≈≈≈≈≈≈
≈ ≈≈≈≈≈≈≈...(........≈≈≈≈≈≈
≈ ≈≈≈≈≈≈≈.....≈≈≈≈≈≈≈≈≈≈≈≈
≈≈ ≈≈≈≈≈≈≈≈≈..≈≈≈≈≈≈≈≈≈≈≈≈≈
≈ ≈
≈≈≈≈≈≈≈≈≈≈≈≈≈≈≈≈≈≈≈≈≈≈≈≈≈
≈≈≈≈≈≈≈≈≈≈≈≈≈≈≈≈≈≈≈≈≈≈≈≈ ≈≈


You could see a harpy.

Vanquished Creatures
  Rupert (Lair:3)
  A deep elf blademaster (Elf:3)
  A deep elf master archer (Elf:3)
  Frances (D:12)
  A thorn hunter (Swamp:4)
  5 deep elf sorcerers (Elf:3)
  4 deep elf elementalists (Elf:3)
  A stone giant (Orc:1)
  Aizul (Elf:1)
  2 entropy weavers (Lair:4)
  2 deep elf demonologists (Elf:3)
  Nessos (D:12)
  11 deep elf annihilators
  A dire elephant (Lair:2)
  A bunyip (Swamp:1)
  A minotaur (shapeshifter) (D:14)
  2 eleionomae
  5 deep elf death magi
  A merfolk impaler (Shoals:1)
  2 deep elf high priests (Elf:3)
  The ghost of Turbonekonecno the Tainter, a journeyman OpVM of Sif Muna (Orc:1)
  Harold (D:11)
  A boulder beetle (D:13)
  2 ghost crabs
  13 hydras
  7 two-headed ogres
  3 centaur warriors
  2 catoblepae
  3 ogre magi
  6 alligators
  7 dancing weapons
  2 tengu warriors
  3 death yaks (Lair:4)
  5 goliath frogs
  4 orc high priests
  Urug (D:11)
  15 deep elf knights
  The ghost of Riddle the Ducker, a novice GnMo (D:6)
  A fire crab (D:13)
  7 slime creatures
  Sonja (D:11)
  7 skeletal warriors
  A sea snake (Shoals:1)
  3 spriggan druids
  2 bog bodies
  15 deep elf archers
  2 swamp dragons
  3 unseen horrors
  4 orc knights (Orc:2)
  A wizard (D:14)
  3 harpies
  8 orc sorcerers
  A wolf spider zombie (D:14)
  45 deep elf magi
  A wolf spider (D:13)
  2 ugly things
  4 cyclopes
  6 manticores
  2 will-o-the-wisps (Swamp:3)
  22 elephants (Lair:2)
  Joseph (D:7)
  A cyclops (shapeshifter) (Elf:2)
  Maurice (D:12)
  A naga mage (D:15)
  3 black mambas
  A torpor snail (Lair:6)
  A gargoyle (D:13)
  23 cane toads
  13 komodo dragons
  3 rime drakes
  4 kobold demonologists (D:14)
  3 tengu conjurers (D:14)
  A yaktaur (shapeshifter) (D:14)
  A freezing wraith (D:15)
  A queen bee (D:9)
  5 trolls
  2 merfolk
  A harpy zombie (D:15)
  4 polar bears
  9 tyrant leeches
  3 hornets
  Grinder (D:3)
  12 blink frogs
  A raiju (shapeshifter) (D:13)
  8 dream sheep
  A meliai zombie (D:15)
  4 air elementals
  6 spriggans
  A shadow (D:11)
  6 wyverns
  3 vampires
  2 water elementals
  A fire elemental (Elf:3)
  47 yaks
  A basilisk (shapeshifter) (D:14)
  3 neqoxecs (Orc:1)
  6 basilisks
  15 vampire mosquitoes
  21 swamp worms
  11 wargs
  11 water moccasins
  18 soldier ants
  2 swamp drakes
  28 orc warriors
  2 necrophages (D:8)
  8 ice beasts
  6 sky beasts
  A black bear (D:12)
  6 phantoms
  8 ogres
  13 wolves
  20 centaurs
  4 eyes of draining
  An elf zombie (D:8)
  3 gnoll sergeants
  33 bullfrogs
  2 earth elementals
  4 scorpions
  34 killer bees
  12 wights
  7 electric eels
  3 howler monkeys
  A crimson imp (D:6)
  3 quasits (Orc:1)
  3 bullfrog zombies
  A centaur zombie (D:12)
  3 bullfrog skeletons
  14 hounds
  7 jellies
  24 orc wizards
  22 orc priests
  4 human zombies (D:8)
  3 centaur skeletons
  Natasha (twice) (D:4)
  3 iguanas
  21 worker ants
  2 killer bee zombies
  A mummy (D:8)
  12 gnolls
  10 adders
  A hound simulacrum (D:6)
  A shadow imp (D:5)
  9 white imps
  2 ufetubi
  3 oozes
  2 adder skeletons
  A worm (D:2)
  4 dart slugs
  3 leopard geckos
  100 orcs
  2 giant cockroaches
  6 goblins
  3 hobgoblins
  2 jackals (D:7)
  11 kobolds
  3 quokkas
  3 ball pythons
  12 bats
  2 frilled lizards
  A giant cockroach zombie (D:6)
  An orc skeleton (D:8)
  An orc zombie (D:8)
  5 rats
1035 creatures vanquished.

Vanquished Creatures (collateral kills)
  A deep elf sorcerer (Elf:3)
  A deep elf annihilator (Elf:3)
  3 hydras (Swamp:4)
  2 alligators (Swamp:4)
  A queen ant (Lair:4)
  A deep elf archer (Elf:3)
  4 swamp dragons
  A swamp worm (Swamp:2)
  A soldier ant (Lair:4)
  A swamp drake (Swamp:4)
  An electric eel (D:10)
17 creatures vanquished.

Vanquished Creatures (others)
  2 hydras (Swamp:4)
  A goliath frog (Swamp:1)
  A bullfrog skeleton (D:10)
  6 foxfires (Swamp:3)
  139 fungi
  169 plants
318 creatures vanquished.

Grand Total: 1370 creatures vanquished

Notes
Turn   | Place    | Note
-------+----------+-------------------------------------------
     0 | D:1      | ANON1729 the Deep Dwarf Transmuter began the quest for the
                  | Orb.
     0 | D:1      | Reached XP level 1. HP: 16/16 MP: 3/3
    77 | D:1      | Reached skill level 1 in Fighting
   202 | D:1      | Reached XP level 2. HP: 25/25 MP: 2/4
   581 | D:1      | Reached XP level 3. HP: 31/31 MP: 4/6
   890 | D:2      | Found a bloodstained altar of Trog.
   893 | D:2      | Found a snail-covered altar of Cheibriados.
   898 | D:2      | Found an iron altar of Okawaru.
  1161 | D:2      | Found an ornate altar of the Wu Jian Council.
  1448 | D:3      | Learned a level 2 spell: Wereblood
  1452 | D:3      | Learned a level 3 spell: Spider Form
  1561 | D:3      | Reached XP level 4. HP: 18/38 MP: 4/7
  1668 | D:3      | Found a transporter.
  1677 | D:3      | Noticed triki's ghost (amateur GnEn)
  1685 | D:3      | Found a transporter.
  1839 | D:3      | Noticed Grinder
  1846 | D:3      | Paralysed by Grinder for 5 turns
  1859 | D:3      | Paralysed by Grinder for 2 turns
  1894 | D:3      | Paralysed by Grinder for 2 turns
  1904 | D:3      | Killed Grinder
  1904 | D:3      | Reached skill level 1 in Armour
  1904 | D:3      | Reached XP level 5. HP: 32/45 MP: 6/8
  1904 | D:3      | Reached XP level 6. HP: 37/52 MP: 6/9
  2748 | D:4      | Noticed Natasha
  2760 | D:4      | Killed Natasha
  2919 | D:4      | Noticed Natasha
  2929 | D:4      | Killed Natasha
  3054 | D:4      | Reached skill level 1 in Slings
  3054 | D:4      | Reached XP level 7. HP: 32/61 MP: 10/10
  3545 | D:4      | Found a shimmering blue altar of Sif Muna.
  3560 | D:5      | Entered Level 5 of the Dungeon
  3566 | D:5      | Got a spiked scale mail
  3615 | D:4      | Identified the +6 scale mail "Jaocobra" {+Blink} (You found
                  | it on level 5 of the Dungeon)
  3621 | D:4      | Learned a level 5 spell: Blade Hands
  3674 | D:5      | Found a staircase to the Ecumenical Temple.
  3684 | Temple   | Entered the Ecumenical Temple
  3832 | Temple   | Became a worshipper of the Shining One
  4393 | D:6      | Reached skill level 5 in Unarmed Combat
  4393 | D:6      | Reached XP level 8. HP: 19/68 MP: 9/9
  4564 | D:6      | Found a runed translucent gate.
  4564 | D:6      | Found a runed translucent gate.
  4564 | D:6      | Found a runed translucent gate.
  4888 | D:6      | Reached skill level 5 in Transmutations
  4975 | D:6      | Reached * piety under the Shining One
  5185 | D:6      | HP: 3/69 [orc/+0 flail (3)]
  5242 | D:6      | Noticed Riddle's ghost (novice GnMo)
  5607 | D:7      | Noticed Joseph
  5719 | D:7      | Killed Joseph
  5719 | D:7      | Reached skill level 5 in Dodging
  5719 | D:7      | Reached skill level 1 in Invocations
  5719 | D:7      | Gained mutation: You passively map the area around you.
                  | [Deep Dwarf growth]
  5719 | D:7      | Reached XP level 9. HP: 35/75 MP: 8/10
  5754 | D:7      | Reached skill level 2 in Invocations
  5773 | D:7      | Reached ** piety under the Shining One
  5972 | D:7      | Reached skill level 5 in Armour
  5990 | D:7      | Reached skill level 3 in Invocations
  6309 | D:7      | Learned a level 4 spell: Ice Form
  6595 | D:8      | Reached skill level 4 in Invocations
  6625 | D:8      | Found an ancient bone altar of Kikubaaqudgha.
  6667 | D:8      | Reached *** piety under the Shining One
  6725 | D:8      | Noticed a two-headed ogre
  7262 | D:8      | Reached XP level 10. HP: 36/84 MP: 9/11
  7357 | D:8      | Killed a two-headed ogre
  7357 | D:8      | Reached skill level 5 in Invocations
  8020 | D:8      | Reached skill level 6 in Invocations
  8477 | D:9      | Reached **** piety under the Shining One
  8835 | D:9      | Reached skill level 5 in Spellcasting
  9148 | D:9      | Found Arajorhe's Distillery.
  9161 | D:9      | Bought a potion of curing for 39 gold pieces
  9161 | D:9      | Bought a potion of curing for 39 gold pieces
  9161 | D:9      | Bought a potion of curing for 39 gold pieces
  9161 | D:9      | Bought a potion of heal wounds for 65 gold pieces
  9161 | D:9      | Bought a potion of haste for 130 gold pieces
  9161 | D:9      | Bought a potion of heal wounds for 65 gold pieces
  9313 | D:10     | Entered Level 10 of the Dungeon
  9313 | D:10     | Found a shimmering altar of Xom.
  9324 | D:10     | Reached skill level 7 in Invocations
  9657 | D:9      | Reached XP level 11. HP: 50/90 MP: 5/10
  9808 | D:10     | Gained mutation: Scrolls take you a little longer to read.
                  | [mutagenic glow]
  9956 | D:11     | Found a staircase to the Orcish Mines.
 10033 | D:11     | Noticed Harold
 10034 | D:11     | Noticed a skeletal warrior
 10038 | D:11     | Killed Harold
 10038 | D:11     | Reached skill level 1 in Evocations
 10040 | D:11     | Noticed a skeletal warrior
 10043 | D:11     | Noticed a skeletal warrior
 10451 | D:11     | Reached skill level 8 in Invocations
 10670 | D:11     | Killed a skeletal warrior
 10688 | D:11     | Noticed a skeletal warrior
 11185 | D:11     | Killed a skeletal warrior
 11288 | D:10     | Found a staircase to the Lair.
 11476 | D:11     | Noticed Urug
 11482 | D:11     | Killed a skeletal warrior
 11505 | D:11     | Noticed a green ugly thing
 11541 | D:11     | Killed a red ugly thing
 11547 | D:11     | Killed Urug
 11551 | D:11     | Killed a skeletal warrior
 11695 | D:11     | Reached skill level 9 in Invocations
 11699 | D:11     | Noticed Sonja
 11719 | D:11     | Killed Sonja
 11833 | D:11     | Found a roughly hewn altar of Beogh.
 11985 | D:12     | Noticed a two-headed ogre
 11995 | D:12     | Killed a two-headed ogre
 11995 | D:12     | Reached XP level 12. HP: 89/97 MP: 4/10
 12063 | D:12     | Reached ***** piety under the Shining One
 12460 | D:12     | Noticed Maurice
 12470 | D:12     | Killed Maurice
 12713 | D:12     | You fall into a shaft and drop 1 floor!
 12888 | D:13     | Reached skill level 10 in Invocations
 13042 | D:13     | Got a warped scale mail
 13057 | D:13     | Identified the +3 scale mail of Anaesthesia {Harm +Fly}
                  | (You found it on level 13 of the Dungeon)
 13170 | D:13     | Noticed a centaur warrior
 13190 | D:13     | Reached skill level 5 in Evocations
 13192 | D:13     | Killed a centaur warrior
 13196 | D:13     | Noticed a tengu warrior
 13207 | D:13     | Killed a tengu warrior
 13207 | D:13     | Reached skill level 10 in Armour
 13213 | D:13     | Noticed an ogre mage
 13229 | D:13     | Killed an ogre mage
 13255 | D:13     | Reached XP level 13. HP: 55/103 MP: 11/11
 14020 | D:12     | Noticed Nessos
 14031 | D:12     | Killed Nessos
 14031 | D:12     | Reached skill level 11 in Invocations
 14146 | D:12     | Noticed Frances
 14157 | D:12     | Killed Frances
 14157 | D:12     | Reached skill level 10 in Unarmed Combat
 14986 | D:6      | Killed Riddle's ghost
 15019 | D:6      | Got the ring "Ylora" {Fire}
 15027 | D:6      | Identified the ring "Ylora" {Fire rN++} (You found it on
                  | level 6 of the Dungeon)
 15323 | Lair:1   | Entered Level 1 of the Lair of Beasts
 16186 | Lair:1   | Reached skill level 10 in Transmutations
 16413 | Lair:2   | Found a sacrificial altar of Ru.
 17027 | Lair:2   | Noticed a dire elephant
 17113 | Lair:2   | Killed a dire elephant
 17113 | Lair:2   | Reached skill level 12 in Invocations
 17722 | Lair:2   | Found a staircase to the Shoals.
 17740 | Lair:2   | Gained mutation: You resist negative energy. (rN+) [Deep
                  | Dwarf growth]
 17740 | Lair:2   | Reached XP level 14. HP: 78/114 MP: 7/13
 17988 | D:9      | Bought a potion of mutation for 104 gold pieces
 17988 | D:9      | Bought 2 potions of brilliance for 104 gold pieces
 17988 | D:9      | Bought a potion of cancellation for 104 gold pieces
 17988 | D:9      | Lost mutation: Scrolls take you a little longer to read.
                  | [potion of mutation]
 17988 | D:9      | Gained mutation: You possess an exceptional clarity of
                  | mind. [potion of mutation]
 17988 | D:9      | Gained mutation: You expend magic power (3 MP) to
                  | strengthen your wands. [potion of mutation]
 17988 | D:9      | Gained mutation: You are robust. (+10% HP) [potion of
                  | mutation]
 17988 | D:9      | Gained mutation: You passively map a large area around you.
                  | [potion of mutation]
 18026 | Orc:1    | Entered Level 1 of the Orcish Mines
 18046 | Orc:1    | Found Cilos's Magic Scroll Boutique.
 18053 | Orc:1    | Noticed a stone giant
 18071 | Orc:1    | Killed a stone giant
 18247 | Orc:1    | Noticed Turbonekonecno's ghost (journeyman OpVM)
 18254 | Orc:1    | Found a transporter.
 18286 | Orc:1    | Found a transporter.
 18376 | Orc:1    | You fall into a shaft and drop 1 floor!
 18376 | Orc:2    | Entered Level 2 of the Orcish Mines
 18376 | Orc:2    | Found a staircase to the Elven Halls.
 18723 | Orc:1    | Gained mutation: Scrolls take you a little longer to read.
                  | [mutagenic glow]
 18908 | Orc:1    | Found a roughly hewn altar of Beogh.
 19217 | Orc:1    | Gained mutation: Scrolls take you longer to read. [a
                  | neqoxec]
 19243 | Orc:1    | Killed Turbonekonecno's ghost
 19297 | Orc:1    | Got the ring "Sodghenu" {Dex+6}
 19299 | Orc:1    | Identified the ring "Sodghenu" {rElec rC+ rN+ Int+4 Dex+6}
                  | (You found it on level 1 of the Orcish Mines)
 19834 | Orc:2    | Reached ****** piety under the Shining One
 19851 | Orc:2    | Found Puci's Magic Scroll Shoppe.
 19851 | Orc:2    | Found Qoywadghu's Magic Scroll Boutique.
 19853 | Orc:2    | Found Eceorus's General Store.
 19853 | Orc:2    | Found Uklauv's Antique Weapon Boutique.
 19863 | Orc:2    | Bought a scroll of blinking for 105 gold pieces
 19863 | Orc:2    | Bought a scroll of teleportation for 42 gold pieces
 19863 | Orc:2    | Bought a scroll of identify for 28 gold pieces
 19863 | Orc:2    | Bought a scroll of identify for 28 gold pieces
 19865 | Orc:2    | Identified a scroll of acquirement
 19869 | Orc:2    | Bought a scroll of identify for 28 gold pieces
 19878 | Orc:2    | Bought a scroll of identify for 30 gold pieces
 19884 | Orc:2    | Bought a scroll of teleportation for 39 gold pieces
 19884 | Orc:2    | Bought a scroll of blinking for 97 gold pieces
 19886 | Orc:2    | Acquired the ring of Kuuf {+Fly rF++ MP+9}
 19919 | Orc:2    | Bought a scroll of identify for 26 gold pieces
 19919 | Orc:2    | Bought a scroll of identify for 26 gold pieces
 20142 | Lair:1   | Learned a level 5 spell: Yara's Violent Unravelling
 20293 | Lair:3   | Found a staircase to the Swamp.
 20694 | Lair:3   | Noticed Rupert
 20735 | Lair:3   | Paralysed by Rupert for 2 turns
 20739 | Lair:3   | Killed Rupert
 20739 | Lair:3   | Reached skill level 13 in Invocations
 20829 | Lair:3   | Noticed Kinoniko's ghost (journeyman HOFi)
 20944 | Lair:3   | Found a runed translucent door.
 21078 | Lair:3   | Reached skill level 1 in Hexes
 21633 | Lair:4   | Found a runed translucent door.
 21636 | Lair:4   | Noticed Belaica's ghost (journeyman HOFE)
 21646 | Lair:4   | Identified the +6 spear of Fatigue {flame, rElec rF+ MR+
                  | Str-3}
 22064 | Lair:4   | Reached skill level 5 in Fighting
 22320 | Lair:4   | Noticed an entropy weaver
 22325 | Lair:4   | Noticed an entropy weaver
 22350 | Lair:4   | Was placed under penance by the Shining One
 22352 | Lair:4   | Killed an entropy weaver
 22352 | Lair:4   | Killed an entropy weaver
 22797 | Lair:4   | Reached XP level 15. HP: 92/135 MP: 13/13
 23147 | Lair:5   | Found a staircase to the Slime Pits.
 24107 | Lair:6   | Entered Level 6 of the Lair of Beasts
 25262 | D:15     | Entered Level 15 of the Dungeon
 25341 | D:15     | Found Lygom's General Store.
 25389 | D:15     | Found Adwyza's Distillery.
 25421 | D:15     | Bought a potion of curing for 42 gold pieces
 25542 | D:15     | Reached skill level 14 in Invocations
 25826 | D:14     | Found a gate to the Vaults.
 25869 | D:14     | Reached skill level 10 in Dodging
 27056 | D:15     | Was forgiven by the Shining One
 27250 | D:15     | Found Nuad's Distillery.
 27283 | D:15     | Bought a potion of degeneration for 15 gold pieces
 27283 | D:15     | Bought a potion of resistance for 150 gold pieces
 27284 | D:15     | Bought a potion of heal wounds for 75 gold pieces
 27284 | D:15     | Bought a potion of curing for 45 gold pieces
 27284 | D:15     | Bought a potion of heal wounds for 75 gold pieces
 27284 | D:15     | Bought a potion of haste for 150 gold pieces
 27284 | D:15     | Bought a potion of haste for 150 gold pieces
 27495 | D:15     | Found a staircase to the Depths.
 27650 | D:14     | Reached XP level 16. HP: 146/146 MP: 8/8
 28269 | Lair:6   | Found the +0 sword of Power
 28372 | Lair:6   | Found a stormy altar of Qazlal.
 29226 | Elf:1    | Entered Level 1 of the Elven Halls
 29465 | Elf:1    | Noticed Aizul
 29477 | Elf:1    | Killed Aizul
 29641 | Elf:1    | Reached skill level 15 in Invocations
 29834 | Elf:1    | Reached skill level 10 in Evocations
 30519 | Elf:2    | Found Syrohu Empi's Jewellery Emporium.
 30519 | Elf:2    | Found Gikirpha's Gadget Shop.
 30539 | Elf:2    | Found Siongiat's Gadget Shop.
 30554 | Elf:2    | Bought a cursed amulet of inaccuracy for 36 gold pieces
 30554 | Elf:2    | Bought a cursed ring of teleportation for 81 gold pieces
 30604 | Elf:2    | Found a runed translucent gate.
 30604 | Elf:2    | Found a runed translucent gate.
 30604 | Elf:2    | Found a runed translucent gate.
 30992 | Elf:3    | Entered Level 3 of the Elven Halls
 31196 | Elf:3    | Found a runed translucent gate.
 31197 | Elf:3    | Found a runed translucent gate.
 31197 | Elf:3    | Found a runed translucent gate.
 31197 | Elf:3    | Found an opulent altar of Gozag.
 31197 | Elf:3    | Found Butam's Assorted Antiques.
 31199 | Elf:3    | Noticed kuniqs's ghost (adept DDFi)
 31529 | Elf:3    | Reached XP level 17. HP: 133/156 MP: 5/5
 32026 | Elf:3    | Noticed a deep elf master archer
 32065 | Elf:3    | Killed a deep elf master archer
 32149 | Elf:3    | Identified the +6 great sword of Loeruy {spect, rPois rC+}
 32149 | Elf:3    | Identified the amulet "Lexzaamy" {Spirit rF+}
 32201 | Elf:3    | Noticed a deep elf blademaster
 32225 | Elf:3    | Killed a deep elf blademaster
 32254 | Elf:3    | Reached skill level 16 in Invocations
 32268 | Elf:3    | Reached skill level 5 in Hexes
 32584 | Elf:3    | Identified the ring "Sekhlikab" {rN+ MR+ rCorr Slay+3
                  | Stlth+} (You found it on level 3 of the Elven Halls)
 32659 | Elf:3    | Identified the +5 war axe of Frustration {vamp, rF+ MP+9
                  | Dex+3} (You found it on level 3 of the Elven Halls)
 32740 | Elf:3    | Identified the Papyrus of Flames and Clay
 33087 | Swamp:1  | Entered Level 1 of the Swamp
 33179 | Swamp:1  | Got a pair of masterwork gloves
 33220 | Swamp:1  | Identified the +2 pair of gloves of the Shining One {rN++
                  | MP+9 Str-4 Int+10} (You found it on level 1 of the Swamp)
 33881 | Swamp:4  | Entered Level 4 of the Swamp
 33893 | Swamp:4  | HP: 6/158 [alligator (12)]
 34392 | D:15     | Bought a potion of ambrosia for 112 gold pieces
 34392 | D:15     | Bought a potion of ambrosia for 112 gold pieces
 34392 | D:15     | Bought a potion of haste for 140 gold pieces
 34392 | D:15     | Bought a potion of might for 56 gold pieces
 34392 | D:15     | Bought a potion of mutation for 112 gold pieces
 34392 | D:15     | Lost mutation: Scrolls take you longer to read. [potion of
                  | mutation]
 34392 | D:15     | Lost mutation: You possess an exceptional clarity of mind.
                  | [potion of mutation]
 34392 | D:15     | Lost mutation: You expend magic power (3 MP) to strengthen
                  | your wands. [potion of mutation]
 34392 | D:15     | Gained mutation: You possess an exceptional clarity of
                  | mind. [potion of mutation]
 34392 | D:15     | Gained mutation: You evolve. [potion of mutation]
 34393 | D:15     | Lost mutation: Scrolls take you a little longer to read.
                  | [potion of mutation]
 34393 | D:15     | Lost mutation: You passively map a large area around you.
                  | [potion of mutation]
 34393 | D:15     | Gained mutation: You are dopey. (Int -2) [potion of
                  | mutation]
 34393 | D:15     | Gained mutation: Your flesh is heat resistant. (rF+)
                  | [potion of mutation]
 34393 | D:15     | Lost mutation: You are dopey. (Int -2) [potion of mutation]
 34636 | Swamp:1  | HP: 2/158 [alligator (7)]
 34976 | Swamp:2  | Learned a level 6 spell: Eringya's Noxious Bog
 35753 | Swamp:3  | Learned a level 5 spell: Irradiate
 36514 | Swamp:4  | Gained mutation: You expend magic power (3 MP) to
                  | strengthen your wands. [evolution]
 36595 | Swamp:4  | Gained mutation: You passively map a large area around you.
                  | [Deep Dwarf growth]
 36595 | Swamp:4  | Reached XP level 18. HP: 18/167 MP: 1/1
 37121 | Swamp:4  | Reached skill level 10 in Spellcasting
 38046 | Shoals:1 | Entered Level 1 of the Shoals
 38057 | Shoals:1 | Learned a level 3 spell: Ignite Poison
 38102 | Shoals:1 | HP: 4/167 [merfolk/+0 trident (8)]
 38126 | Shoals:1 | Slain by a harpy

Illustrated notes

Levels and vault maps discovered:
D:1:      dpeg_arrival_prison, layout_basic, serial_bayou_pond_c
D:2:      layout_loops_cross, grunt_temple_overflow_open
D:3:      layout_basic, gammafunk_ghost_stat_death, uniq_grinder
D:4:      layout_basic, led_sif_pool, uniq_natasha
D:5:      layout_cave_pools, minmay_temple_entry_overgrown, kennysheep_potato
D:6:      layout_cave_pools, gammafunk_ghost_icy, minmay_fire_ice_demons
D:7:      layout_cave_pools, uniq_joseph
D:8:      layout_basic, lemuel_mausoleum_altar_kikubaaqudgha, special_room
          [special_room_orc], grunt_decor_clamped, minmay_stone_trees_small,
          corexii_hall_statues_i
D:9:      layout_long_grid, serial_glass, glass_columns_a, glass_columns_a,
          glass_columns_b, glass_columns_c, glass_columns_a, glass_columns_a,
          serial_shops, shop, special_room [special_room_bee]
D:10:     layout_cross, erik_lair_island, xom_teletrap_fun
D:11:     layout_loops_ring, minmay_orc_entry_temple_small, uniq_urug,
          uniq_sonja, uniq_harold
D:12:     layout_basic, uniq_maurice, uniq_frances, uniq_nessos
D:13:     layout_basic, minivault_28
D:14:     layout_loops_corners, david_vaults_2, chequers_serial_rivers_micro_d,
          minmay_puff
D:15:     grunt_enter_depths_magical_seal, layout_rooms, nrook_pool_corridor,
          serial_shops, shop, nicolae_shop_window_shopping, shop
Temple:   eino_temple_scatter_basement
Lair:1:   layout_loops_ring, serial_bayou_shore_b, lemuel_fruit_fields,
          serial_bayou_shore_a, grunt_megastairs_4
Lair:2:   mu_elephants_graveyard, layout_chaotic_city, elwin_shoals_entry_rooms,
          basic_altar, minivault_25, minivault_24
Lair:3:   layout_cave_pods, minmay_swamp_entry_reptiles,
          hellmonk_ghost_happy_afterlife, minmay_lair_oklob_chamber, uniq_rupert
Lair:4:   layout_cave_pods, ebering_ghost_funeral_grove, zaba_antful_of_joy
Lair:5:   layout_regular_city, nicolae_slime_entry_slimehenge
Lair:6:   minmay_lair_end_frog_pond, layout_layer_cave, basic_altar
Swamp:1:  layout_basic_swamp, hangedman_swamp_blocks
Swamp:2:  layout_falls_marsh, hangedman_swamp_diagram, swamp_pool1,
          nicolae_swamp_alligator_family
Swamp:3:  layout_basic_swamp, serial_swamp_ruin, evilmike_swamp_ruin_house_1,
          evilmike_swamp_ruin_house_5, swamp_pool3
Swamp:4:  swamp_basic_johnstein, layout_basic_swamp, swamp_pool2
Shoals:1: layout_shoals, ldierk_geyser
Orc:1:    cheibrodos_orc_guarddog, layout_diamond_mine,
          gammafunk_ghost_stat_death, serial_shops, nicolae_shop_statue_plus,
          kennysheep_orc_chapel
Orc:2:    grunt_orc_tribal_feast, layout_diamond_mine, nooodl_orcs_dogs
Elf:1:    eino_elf_arrival_customs, layout_loops_ring,
          minmay_elf_crystal_hexagon, uniq_aizul
Elf:2:    layout_gridlike, minmay_shop_grove
Elf:3:    minmay_elf_hall_dome, layout_gridlike, ebering_ghost_gozag

Skill      XL: |  1  2  3  4  5  6  7  8  9 10 11 12 13 14 15 16 17 18 |
---------------+-------------------------------------------------------+-----
Fighting       | 1 2 3 4 5 6 7 |  7.5
Transmutations | 2 3 4 5 6 7 8 9 10 11 12 13 | 13.2
Spellcasting   | 2 3 4 5 6 7 8 9 10 | 10.9
Unarmed Combat | 3 4 5 6 7 8 9 10 11 12 13 | 13.3
Armour         | 1 2 4 6 7 8 10 11 12 13 | 13.0
Dodging        | 3 4 5 6 7 8 9 10 11 | 11.3
Slings         | 1 2 |  2.1
Invocations    | 1 4 7 9 10 12 13 14 15 16 | 16.3
Evocations     | 3 5 7 8 9 10 11 | 11.1
Hexes          | 1 3 4 5 |  5.2

Action                   |  1- 3 |  4- 6 |  7- 9 | 10-12 | 13-15 | 16-18 || total
-------------------------+-------+-------+-------+-------+-------+-------++-------
Melee: Unarmed           |    98 |   186 |   726 |   759 |  1312 |   788 ||  3869
       Kick              |    12 |    21 |    91 |    48 |    14 |    12 ||   198
       Headbutt          |    13 |    11 |    44 |    30 |    10 |    14 ||   122
       Punch             |       |     3 |    13 |    23 |    81 |    33 ||   153
 Fire: Hunting sling     |       |    17 |    52 |    12 |     8 |       ||    89
Throw: Stone             |     7 |       |     9 |     3 |     3 |       ||    22
       Dart              |       |       |       |    48 |    30 |     9 ||    87
 Cast: Beastly Appendage |    23 |    15 |    33 |    20 |     6 |     7 ||   104
       Wereblood         |       |     1 |     4 |    29 |    28 |    10 ||    72
       Spider Form       |       |       |     1 |     1 |       |       ||     2
       Blade Hands       |       |       |       |    30 |   123 |    79 ||   232
       Ice Form          |       |       |       |       |     1 |       ||     1
       Yara's Violent Un |       |       |       |       |       |     1 ||     1
Invok: Divine Shield     |       |       |       |     1 |     2 |     3 ||     6
       Cleansing Flame   |       |       |       |     1 |     1 |       ||     2
       Summon Divine War |       |       |       |       |     2 |     2 ||     4
 Abil: Heal Wounds       |       |     4 |    14 |    27 |    66 |    45 ||   156
       Evoke Blink       |       |       |       |    16 |     9 |     9 ||    34
Evoke: Wand              |       |       |       |     1 |    23 |    86 ||   110
       Condenser vane    |       |       |       |       |       |     2 ||     2
       Box of beasts     |       |       |       |       |       |     1 ||     1
  Use: Potion            |       |     4 |     1 |     4 |     9 |    22 ||    40
       Scroll            |       |       |     1 |    12 |    15 |    19 ||    47
 Stab: Sleeping          |     1 |       |       |       |       |       ||     1
Armor: Robe              |    19 |       |       |       |       |       ||    19
       Leather armour    |    11 |    33 |     5 |       |       |       ||    49
       Scale mail        |       |       |   265 |   388 |   429 |   241 ||  1323
       Skin              |       |       |       |     1 |       |       ||     1
Dodge: Dodged            |    74 |    81 |   360 |   761 |   905 |   532 ||  2713
       Repelled          |       |       |     2 |     7 |    13 |    32 ||    54
Block: Other             |       |       |       |     2 |    21 |    35 ||    58

Table legend: (Time is in decaauts)
 A = Elapsed time spent in this place.
 B = Non-inter-level travel time spent in this place.
 C = Inter-level travel time spent in this place.
 D = Time resting spent in this place.
 E = Time spent auto-exploring this place.
 F = Levels seen in this place.
 G = Mean time per level.
                   A        B        C        D        E       F      G
               +--------+--------+--------+--------+--------+-----+--------+
         Total |  37919 |  34448 |   3471 |   2824 |  18315 |  32 | 1185.0 |
       Dungeon |  18232 |  16525 |   1707 |   1623 |   8390 |  15 | 1215.5 |
        Temple |    157 |    134 |     23 |      0 |    133 |   1 |  157.0 |
          Lair |   8929 |   7899 |   1030 |    118 |   5305 |   6 | 1488.2 |
         Swamp |   4763 |   4454 |    309 |    943 |   1904 |   4 | 1190.8 |
        Shoals |     70 |     70 |      0 |      0 |     11 |   1 |   70.0 |
  Orcish Mines |   2138 |   1914 |    224 |     13 |   1063 |   2 | 1069.0 |
   Elven Halls |   3627 |   3452 |    175 |    127 |   1508 |   3 | 1209.0 |
               +--------+--------+--------+--------+--------+-----+--------+

Top non-repeatable levels by time:
   Elf:3: 1803 daAuts
    D:11: 1776 daAuts
     D:9: 1736 daAuts
  Lair:2: 1733 daAuts
     D:8: 1685 daAuts
  Lair:3: 1650 daAuts
    D:14: 1639 daAuts
  Lair:6: 1546 daAuts
    D:12: 1499 daAuts
  Lair:4: 1488 daAuts
 Swamp:4: 1462 daAuts
     D:6: 1387 daAuts
  Lair:5: 1287 daAuts
    D:13: 1278 daAuts
  Lair:1: 1223 daAuts
